 Dungeon Crawl Stone Soup version 0.27.0-1-g7a089689b8 (webtiles) character file.

Game seed: 12556100146683031794

333 Malachi the Grave Robber (level 6, 0/47 HPs)
             Began as a Gnoll Wanderer on Aug 15, 2021.
             Slain by a centaur zombie (2 damage)
             ... in an ossuary.
             The game lasted 00:08:15 (5527 turns).

Malachi the Grave Robber (Gnoll Wanderer)           Turns: 5527, Time: 00:08:15

Health: 0/47       AC:  2    Str: 10    XL:     6   Next: 52%
Magic:  9/14       EV: 12    Int: 16    God:
Gold:   114        SH:  0    Dex: 10    Spells: 11/15 levels left

rFire    . . .     SeeInvis .   k - +2 dagger (venom)
rCold    . . .     Faith    .   (no shield)
rNeg     . . .     Spirit   .   b - +0 robe
rPois    .         Reflect  .   (no helmet)
rElec    .         Harm     .   (no cloak)
rCorr    .         Rampage  .   (no gloves)
Will     .....                  (no boots)
Stlth    ++........             (no amulet)
HPRegen  0.15/turn              (no ring)
MPRegen  0.14/turn              (no ring)

@: no status effects
A: fangs 1, strong nose, distributed training
a: no special abilities


You were in an ossuary.
You visited 1 branch of the dungeon, and saw 4 of its levels.
You also visited: Ossuary.

You collected 114 gold pieces.

Inventory:

Hand Weapons
 a - a +0 whip
 k - a +2 dagger of venom (weapon)
Armour
 b - a +0 robe (worn)
Scrolls
 c - a scroll of teleportation
 g - a scroll of identify
 l - a scroll of amnesia
Potions
 i - a potion of flight
 m - a potion of attraction


   Skills:
 + Level 3.2 Fighting
 + Level 2.0 Short Blades
 + Level 2.0 Long Blades
 + Level 2.0 Axes
 + Level 2.0 Maces & Flails
 + Level 2.0 Polearms
 + Level 2.0 Staves
 + Level 2.0 Slings
 + Level 5.0 Bows
 + Level 2.0 Crossbows
 + Level 2.0 Throwing
 + Level 2.0 Armour
 + Level 2.0 Dodging
 + Level 3.1 Stealth
 + Level 3.2 Shields
 + Level 2.0 Unarmed Combat
 + Level 5.4 Spellcasting
 + Level 1.5 Conjurations
 + Level 1.5 Hexes
 + Level 1.5 Summonings
 + Level 5.6 Necromancy
 + Level 1.5 Translocations
 + Level 1.5 Transmutations
 + Level 1.5 Fire Magic
 + Level 1.5 Ice Magic
 + Level 1.5 Air Magic
 + Level 1.5 Earth Magic
 + Level 1.5 Poison Magic
 + Level 2.2 Invocations
 + Level 2.0 Evocations


You had 11 spell levels left.
You knew the following spells:

 Your Spells              Type           Power      Damage    Failure   Level
a - Freeze                Ice            36%        1d6       8%          1
b - Frozen Ramparts       Ice            18%        1d3       22%         3

Your spell library contained the following spells:

 Spells                   Type           Power      Damage    Failure   Level
 Animate Skeleton         Necr           44%        N/A       1%          1
 Pain                     Necr           88%        1d8       1%          1
 Vampiric Draining        Necr           11%        2d7       4%          3
 Animate Dead             Necr           11%        N/A       14%         4
 Agony                    Necr           22%        N/A       36%         5


Dungeon Overview and Level Annotations

Branches:
Dungeon (4/15)            Ossuary (1/1)
 Temple: D:4-7

Altars:
Hepliaklqana
Nemelex Xobeh
Trog

Shops:
D:3 ?   D:4 *


Innate Abilities, Weirdness & Mutations

You have very sharp teeth.
Your uncanny sense of smell can sniff out nearby items.
Your experience applies equally to all skills.


Message History

You hit the centaur zombie but do no damage.
The centaur zombie is moderately damaged.
The centaur zombie hits you but does no damage.
The centaur zombie kicks you but does no damage.
The centaur zombie hits you.
The centaur zombie kicks you but does no damage.
You hit the centaur zombie.
The centaur zombie is moderately damaged.
The centaur zombie hits you. The centaur zombie barely misses you.
You hit the centaur zombie.
The centaur zombie is heavily damaged.
The centaur zombie hits you.
* * * LOW HITPOINT WARNING * * *
The centaur zombie kicks you.
* * * LOW HITPOINT WARNING * * *
You hit the centaur zombie.
The centaur zombie is heavily damaged.
The centaur zombie completely misses you.
The centaur zombie barely misses you.
You hit the centaur zombie.
The centaur zombie is severely damaged.
The centaur zombie closely misses you.
The centaur zombie completely misses you.
You hit the centaur zombie but do no damage.
The centaur zombie is severely damaged.
The centaur zombie hits you.
* * * LOW HITPOINT WARNING * * *
The centaur zombie barely misses you. The centaur zombie hits you.
* * * LOW HITPOINT WARNING * * *
The centaur zombie kicks you.
* * * LOW HITPOINT WARNING * * *
Hit: k) +2 dagger (venom)
Press: ? - help, Dir - move target, f/p - centaur zombie
Aim: a centaur zombie (severely damaged, about 9% to evade your +2 dagger of venom)
You hit the centaur zombie.
The centaur zombie is severely damaged.
The centaur zombie hits you.
* * * LOW HITPOINT WARNING * * *
The centaur zombie kicks you.
You die...

#.......#M.?#
##8...8######
#.......#...#
#...8...'...#
#...#...#...# #'##
########'#######'##
.....#.....#...#...#...#
.....#.....Z...#...8...#
.....8.....#@..#.......#
...........######8...8##
Z..........#??.#.......#
#8.....8###!..#...8...#
...........#?.!#...#...#
...........##'###'######
.....8.....# ..#...#...#
.....#.....' ..#.∩.'.∩.#
.....#....s#. #...#...#


You could see a centaur zombie.

Vanquished Creatures
  2 scorpions (Ossuary)
  2 jellies (D:4)
  A scorpion zombie (Ossuary)
  2 mummies (Ossuary)
  3 adders
  A howler monkey skeleton (D:4)
  A worm (D:3)
  3 dart slugs
  An endoplasm (D:3)
  3 giant cockroaches
  3 gnoll zombies (Ossuary)
  6 goblins
  3 hobgoblins
  7 jackals
  3 kobolds
  2 quokkas (D:1)
  4 ball pythons
  A bat (D:1)
  3 frilled lizards
  2 goblin zombies (Ossuary)
  A hobgoblin zombie (Ossuary)
  2 kobold zombies (Ossuary)
  2 orc zombies (Ossuary)
  2 rats (D:3)
60 creatures vanquished.

Vanquished Creatures (others)
  2 demonic plants (D:3)
2 creatures vanquished.

Grand Total: 62 creatures vanquished

Notes
Turn   | Place    | Note
-------+----------+-------------------------------------------
     0 | D:1      | Malachi the Gnoll Wanderer began the quest for the Orb.
     0 | D:1      | Malachi set off with the following items: a +0 club, a +0
                  | robe, a scroll of teleportation; and the following spells
                  | available to memorise: Animate Skeleton, Pain, Vampiric
                  | Draining, Freeze, Animate Dead, Frozen Ramparts, Agony
     0 | D:1      | Reached XP level 1. HP: 17/17 MP: 6/6
   281 | D:1      | Learned a level 1 spell: Freeze
   447 | D:1      | Reached XP level 2. HP: 23/23 MP: 1/7
  1331 | D:1      | Reached XP level 3. HP: 21/28 MP: 5/9
  1493 | D:1      | Learned a level 3 spell: Frozen Ramparts
  1512 | D:2      | You fall into a shaft and drop 1 floor!
  1521 | D:3      | Reached skill level 5 in Spellcasting
  1612 | D:3      | Found a sparkling altar of Nemelex Xobeh.
  2000 | D:3      | Found a hazy altar of Hepliaklqana.
  2126 | D:3      | Found a bloodstained altar of Trog.
  2247 | D:3      | Found Luef's Magic Scroll Shop.
  2285 | D:3      | Reached skill level 1 in Invocations
  2498 | D:3      | Found a faded altar of an unknown god.
  2561 | D:3      | Reached skill level 1 in Short Blades
  2561 | D:3      | Reached skill level 1 in Long Blades
  2561 | D:3      | Reached skill level 1 in Axes
  2561 | D:3      | Reached skill level 1 in Maces & Flails
  2561 | D:3      | Reached skill level 1 in Polearms
  2561 | D:3      | Reached skill level 1 in Staves
  2561 | D:3      | Reached skill level 1 in Slings
  2561 | D:3      | Reached skill level 1 in Crossbows
  2561 | D:3      | Reached skill level 1 in Throwing
  2561 | D:3      | Reached skill level 1 in Armour
  2561 | D:3      | Reached skill level 1 in Dodging
  2561 | D:3      | Reached skill level 1 in Unarmed Combat
  2561 | D:3      | Reached skill level 1 in Evocations
  3059 | D:3      | Reached XP level 4. HP: 28/34 MP: 11/11
  3224 | D:4      | Found Jefri's Assorted Antiques.
  3392 | D:4      | Reached skill level 1 in Conjurations
  3392 | D:4      | Reached skill level 1 in Hexes
  3392 | D:4      | Reached skill level 1 in Summonings
  3392 | D:4      | Reached skill level 1 in Translocations
  3392 | D:4      | Reached skill level 1 in Transmutations
  3392 | D:4      | Reached skill level 1 in Fire Magic
  3392 | D:4      | Reached skill level 1 in Ice Magic
  3392 | D:4      | Reached skill level 1 in Air Magic
  3392 | D:4      | Reached skill level 1 in Earth Magic
  3392 | D:4      | Reached skill level 1 in Poison Magic
  3628 | D:4      | Reached XP level 5. HP: 34/40 MP: 7/12
  3753 | D:4      | Found a sand-covered staircase.
  3757 | Ossuary  | Entered an ossuary
  4440 | Ossuary  | Reached XP level 6. HP: 35/47 MP: 7/14
  4651 | Ossuary  | Reached skill level 5 in Bows
  5236 | Ossuary  | HP: 1/47 [mummy (18)]
  5527 | Ossuary  | HP: 2/47 [centaur zombie (2)]
  5527 | Ossuary  | Slain by a centaur zombie

Illustrated notes

Levels and vault maps discovered:
D:1:      nzn_arrival_crosshair, layout_loops_ring,
          hangedman_decor_diamond_cutter
D:2:      layout_loops_ring, chequers_serial_rivers_room_a, uniq_natasha
D:3:      layout_loops_ring, mainiacjoe_overflow_boulevard,
          mainiacjoe_overflow_surrounded_room, nicolae_overflow_crystal_walls,
          serial_shops, nicolae_shop_waterfront,
          dreamdust_ecumenical_altar_sealed_demon, columned_hall_lemuel
D:4:      layout_basic, kennysheep_mini_moat, minitemple, enter_ossuary_5,
          nicolae_stop_n_shop_2, minmay_misc_feat_rows, st_stairs_11,
          minmay_misc_feat_iff, uniq_duvessa
Ossuary:  ossuary_minmay_scorpions

Skill      XL: |  1  2  3  4  5  6 |
---------------+-------------------+-----
Spellcasting   | 5 |  5.4
Invocations    | 1 2 |  2.2
Short Blades   | 1 2 |  2.0
Long Blades    | 1 2 |  2.0
Axes           | 1 2 |  2.0
Maces & Flails | 1 2 |  2.0
Polearms       | 1 2 |  2.0
Staves         | 1 2 |  2.0
Slings         | 1 2 |  2.0
Crossbows      | 1 2 |  2.0
Throwing       | 1 2 |  2.0
Armour         | 1 2 |  2.0
Dodging        | 1 2 |  2.0
Unarmed Combat | 1 2 |  2.0
Evocations     | 1 2 |  2.0
Conjurations   | 1 |  1.5
Hexes          | 1 |  1.5
Summonings     | 1 |  1.5
Translocations | 1 |  1.5
Transmutations | 1 |  1.5
Fire Magic     | 1 |  1.5
Ice Magic      | 1 |  1.5
Air Magic      | 1 |  1.5
Earth Magic    | 1 |  1.5
Poison Magic   | 1 |  1.5
Fighting       | 3 |  3.2
Shields        | 3 |  3.2
Stealth        | 3 |  3.1
Bows           | 5 |  5.0
Necromancy     | |  5.6

Action                   |  1- 3 |  4- 6 || total
-------------------------+-------+-------++-------
Melee: Club              |     8 |       ||     8
       Whip              |     4 |       ||     4
       Dagger            |    18 |    89 ||   107
       Bite              |     1 |     7 ||     8
 Cast: Freeze            |    62 |    42 ||   104
       Frozen Ramparts   |       |     4 ||     4
  Use: Potion            |       |     6 ||     6
       Scroll            |       |     3 ||     3
 Stab: Sleeping          |       |     2 ||     2
Armor: Robe              |    12 |    18 ||    30
Dodge: Dodged            |    42 |    76 ||   118
